 Dungeon Crawl Stone Soup version 0.18-a0-23-g19353e1 (webtiles) character file.

214 tp1 the Magician (level 5, -5/28 HPs)
             Began as a Deep Elf Fire Elementalist on Nov 2, 2015.
             Slain by a gnoll
             ... wielding a +0 whip
              (8 damage)
             ... on level 2 of the Dungeon.
             The game lasted 00:10:28 (3406 turns).

tp1 the Magician (Deep Elf Fire Elementalist)       Turns: 3406, Time: 00:10:29

Health: -5/28      AC:  3    Str:  5    XL:     5   Next: 59%
Magic:  13/15      EV: 13    Int: 21    God:
Gold:   135        SH:  0    Dex: 15    Spells: 3 memorised, 9 levels left

rFire  . . .     SeeInvis .     m - +0 dagger
rCold  . . .     Clarity  .     a - +0 robe
rNeg   . . .     SustAt   .     (no shield)
rPois  .         Gourm    .     h - +0 helmet
rElec  .         Spirit   .     (no cloak)
rCorr  .         Warding  .     (no gloves)
rMut   .         Stasis   .     (no boots)
MR     .....                    (no amulet)
Stlth  ++........               (no ring)
                                (no ring)

@: not resistant to hostile enchantments, unstealthy
A: no striking features
a: no special abilities


You were on level 2 of the Dungeon.
You were not hungry.

You visited 1 branch of the dungeon, and saw 2 of its levels.

You collected 135 gold pieces.

Inventory:

Hand Weapons
 m - a +0 dagger (weapon)
Armour
 a - a +0 robe (worn)
 h - a +0 helmet (worn)
Scrolls
 f - 2 scrolls of teleportation {unknown}
 g - 2 scrolls of identify {unknown}
 i - 2 scrolls of enchant armour {unknown}
 p - a scroll of magic mapping {unknown}
 r - a scroll of enchant weapon {unknown}
Potions
 e - a potion of curing {unknown}
 k - a potion of haste {unknown}
 l - a potion of lignification {unknown}
 o - a potion of might {unknown}
Books
 b - a book of Flames

   Spells                             Type                      Level
   a - Flame Tongue                   Conjuration/Fire             1
   b - Throw Flame                    Conjuration/Fire             2
   c - Conjure Flame                  Conjuration/Fire             3
   d - Inner Flame                    Hexes/Fire                   3
   e - Sticky Flame                   Conjuration/Fire             4
   f - Fireball                       Conjuration/Fire             5
Comestibles
 c - 2 bread rations
 d - 4 meat rations
 j - a beef jerky
 n - a slice of pizza
 q - 4 chunks of flesh


   Skills:
 - Level 2.4 Dodging
 - Level 2.4 Stealth
 - Level 6.1 Spellcasting
 + Level 3.4 Conjurations
 - Level 1.0 Hexes
 - Level 4.0 Fire Magic


You had 9 spell levels left.
You knew the following spells:

 Your Spells              Type           Power        Failure   Level  Hunger
a - Flame Tongue          Conj/Fire      ###..        1%          1    None
b - Conjure Flame         Conj/Fire      ###.....     10%         3    ##.....
c - Inner Flame           Hex/Fire       ###.....     12%         3    ##.....


Dungeon Overview and Level Annotations

Branches:
Dungeon (2/15)

Altars:
Ru


Message History

Aim: a gnoll, wielding a whip The flame tongue misses the gnoll.
The gnoll hits you with a whip!
* * * LOW HITPOINT WARNING * * *
Casting: Flame Tongue
Confirm with . or Enter, or press ? or * to list all spells.
Aiming: Flame Tongue
Press: ? - help, Shift-Dir - straight line, f/p - gnoll
Aim: a gnoll, wielding a whip The flame tongue hits the gnoll.
The gnoll is almost dead.
The gnoll hits you with a whip.
* * * LOW HITPOINT WARNING * * *
A kobold comes into view. It is wielding a club.
Casting: Flame Tongue
Confirm with . or Enter, or press ? or * to list all spells.
Aiming: Flame Tongue
Press: ? - help, Shift-Dir - straight line, f/p - gnoll
Aim: a gnoll, wielding a whip (severely wounded)
The flame tongue misses the gnoll.
The gnoll hits you with a whip!
You die...

########## #........#
#.######g# #.#....#@#
#.#.##.#.#
#.#..#.#.########
#......#.........
#.....<#.########## #######
#.####.#.# ..#....# .))...#
#.#......#.#.#.##.#
#####.###.#.#..#.#.#.#.#..#
#####..##.#<...#.#.#.#.#.##


You could see a gnoll.

Vanquished Creatures
  An ogre (D:1)
  An orc wizard (D:2)
  5 adders (D:2)
  2 gnolls (D:2)
  A giant gecko (D:1)
  5 bats
  7 goblins
  5 hobgoblins
  2 jackals (D:1)
  4 kobolds
  A giant newt (D:1)
  6 rats
40 creatures vanquished.

Notes
Turn   | Place    | Note
--------------------------------------------------------------
     0 | D:1      | tp1 the Deep Elf Fire Elementalist began the quest for the Orb.
     0 | D:1      | Reached XP level 1. HP: 10/10 MP: 6/6
   364 | D:1      | Reached XP level 2. HP: 7/15 MP: 0/8
  1932 | D:1      | Noticed an ogre
  1958 | D:1      | Killed an ogre
  1958 | D:1      | Reached skill level 5 in Spellcasting
  1958 | D:1      | Reached XP level 3. HP: 19/19 MP: 3/12
  1958 | D:1      | Reached XP level 4. HP: 24/24 MP: 3/13
  2205 | D:2      | Found a sacrificial altar of Ru.
  2222 | D:2      | Reached skill level 6 in Spellcasting
  2222 | D:2      | Reached XP level 5. HP: 23/28 MP: 8/15
  2227 | D:2      | Learned a level 3 spell: Conjure Flame
  2964 | D:2      | Learned a level 3 spell: Inner Flame
  2985 | D:2      | Reached skill level 1 in Hexes
  3383 | D:2      | HP: 1/28 [gnoll/whip (4)]
  3406 | D:2      | Slain by a gnoll

Vault maps used:
D:1:      dpeg_arrival_short_road, minmay_misc_feat_diagonals,
          grunt_decor_arrowhead, minmay_quantized
D:2:      first_bread, nicolae_ru_great_annihilating_truth

Action                   |  1- 3 |  4- 6 || total
-------------------------+-------+-------++-------
Melee: Unarmed           |     2 |       ||     2
 Cast: Flame Tongue      |    50 |    58 ||   108
       Conjure Flame     |       |     4 ||     4
       Inner Flame       |       |     2 ||     2
  Eat: Chunk             |     1 |     6 ||     7
